 Dungeon Crawl Stone Soup version 0.18.1-48-g4cf74bf (webtiles) character file.

102 CanOfBees the Conjurer (level 4, -2/26 HPs)
             Began as a Tengu Conjurer on Aug 2, 2016.
             Slain by a gnoll
             ... wielding a +0 spear
              (3 damage)
             ... on level 3 of the Dungeon.
             The game lasted 00:07:22 (3223 turns).

CanOfBees the Conjurer (Tengu Conjurer)             Turns: 3223, Time: 00:07:23

Health: -2/26      AC:  3    Str:  9    XL:     4   Next: 78%
Magic:  4/10       EV: 12    Int: 16    God:
Gold:   98         SH:  0    Dex: 14    Spells: 2 memorised, 7 levels left

rFire  . . .     SeeInvis .     f - +0 club
rCold  . . .     Gourm    .     a - +0 robe
rNeg   . . .     Faith    .     (no shield)
rPois  .         Spirit   .     (helmet restricted)
rElec  .         Dismiss  .     (no cloak)
rCorr  .         Reflect  .     g - +0 pair of gloves
SustAt .         Harm     .     (boots unavailable)
MR     .....                    (no amulet)
Stlth  ++........               (no ring)
                                (no ring)

@: very slightly contaminated, not resistant to hostile enchantments, unstealthy
A: beak, talons 3
a: no special abilities


You were on level 3 of the Dungeon.
You were not hungry.

You visited 1 branch of the dungeon, and saw 3 of its levels.

You collected 98 gold pieces.

Inventory:

Hand Weapons
 f - a +0 club (weapon)
Armour
 a - a +0 robe (worn)
 g - a +0 pair of gloves (worn)
Scrolls
 d - a scroll of remove curse
 e - a scroll of teleportation {unknown}
Potions
 i - a potion of curing {unknown}
 j - 2 potions of haste {unknown}
 k - a potion of heal wounds {unknown}
Books
 b - a book of Conjurations

   Spells                             Type                      Level
   a - Magic Dart                     Conjuration                  1
   b - Searing Ray                    Conjuration                  2
   c - Dazzling Spray                 Conjuration/Hexes            3
   d - Fulminant Prism                Conjuration/Hexes            4
   e - Iskenderun's Mystic Blast      Conjuration                  4
   f - Iskenderun's Battlesphere      Conjuration/Charms           5
Comestibles
 c - a bread ration
 l - 5 fruits


   Skills:
 + Level 1.7 Fighting
 - Level 2.1 Dodging
 - Level 2.0 Stealth
 * Level 3.6 Spellcasting
 + Level 5.9 Conjurations


You had 7 spell levels left.
You knew the following spells:

 Your Spells              Type           Power        Failure   Level  Hunger
a - Magic Dart            Conj           ###.         1%          1    None
b - Searing Ray           Conj           ###...       2%          2    ##.....


Dungeon Overview and Level Annotations

Branches:
Dungeon (3/15)

Altars:
Dithmenos
Ru


Innate Abilities, Weirdness & Mutations

You have a beak for a mouth.
You have claws for feet.


Message History

The gnoll hits you from afar with a spear.
* * * LOW HITPOINT WARNING * * *
The gnoll closely misses you. The gnoll misses you.
The gnoll hits you but does no damage. The gnoll closely misses you.
The gnoll closely misses you.
Casting: Searing Ray
Confirm with . or Enter, or press ? or * to list all spells.
Aiming: Searing Ray
Press: ? - help, Shift-Dir - straight line, f/p - gnoll
Aim: a gnoll, wielding a spear (severely wounded)
The searing ray hits the gnoll.
The gnoll is almost dead.
The gnoll hits you from afar with a spear.
* * * LOW HITPOINT WARNING * * *
The searing ray misses the gnoll.
The searing ray hits the gnoll.
The gnoll is severely wounded.
The gnoll hits you from afar with a spear.
You die...

###
#.###################
#............gg.@...#
#.#################.#
#.# #.# #.# #.# #g#
#.# #.# #.# #.#
#######.# #.#
#.......# #.#
#.#########


You could see 2 gnolls.

Vanquished Creatures
  2 gnolls
  2 adders (D:2)
  2 oozes (D:3)
  3 worms (D:2)
  2 dart slugs
  2 giant geckos (D:2)
  2 ball pythons
  3 giant cockroaches
  7 goblins
  5 hobgoblins
  3 kobolds
  4 bats
  6 giant newts
  4 rats
47 creatures vanquished.

Notes
Turn   | Place    | Note
--------------------------------------------------------------
     0 | D:1      | CanOfBees the Tengu Conjurer began the quest for the Orb.
     0 | D:1      | Reached XP level 1. HP: 10/10 MP: 4/4
   370 | D:1      | Reached XP level 2. HP: 15/15 MP: 4/6
   965 | D:1      | Learned a level 2 spell: Searing Ray
  1240 | D:1      | Reached XP level 3. HP: 6/20 MP: 0/8
  1668 | D:2      | Reached skill level 1 in Fighting
  1749 | D:2      | Found a sacrificial altar of Ru.
  1754 | D:2      | Found a shadowy altar of Dithmenos.
  2260 | D:2      | Reached XP level 4. HP: 15/25 MP: 7/9
  2586 | D:2      | Found a faded altar to an unknown god.
  3222 | D:3      | HP: 1/26 [gnoll/spear (3)]
  3223 | D:3      | Slain by a gnoll

Skill      XL: |  1  2  3 |
---------------+----------+-----
Spellcasting   | 3 |  3.6
Fighting       | 1 |  1.7
Dodging        | |  2.1
Stealth        | |  2.0
Conjurations   | |  5.9

Action                   |  1- 3 |  4- 6 || total
-------------------------+-------+-------++-------
Melee: Club              |     6 |     7 ||    13
       Kick              |     2 |       ||     2
       Peck              |       |     1 ||     1
 Cast: Magic Dart        |    57 |    35 ||    92
       Searing Ray       |     3 |     4 ||     7
  Use: Scroll            |       |     4 ||     4
 Stab: Sleeping          |       |     1 ||     1
  Eat: Chunk             |     2 |     1 ||     3
       Bread ration      |     1 |       ||     1
Armor: Robe              |     4 |     2 ||     6
Dodge: Dodged            |     9 |    18 ||    27
